[ PARTIDA AOE2 · #513866227 ]
UnrankedGodos vs Hindustanis
Equipo del jugador · VICT
[ ANÁLISIS DE REPETICIÓN · EXTRAÍDO DE LA PARTIDA GRABADA ]
Feudal
11:25
Castillos
20:40
Imperial
—
| APM promedio | 47.4 |
| APM pico | 70 |
| eAPM promedio | 24.2 |
| Aldeanos / militares | 86 / 115 |
Foco
⚔️ 30.5% · 🌾 69.5%
Militia ×82 · Skirmisher ×18 · Battering Ram ×8 · Spearman ×5 · Monk ×2
Feudal
9:43
Castillos
20:49
Imperial
—
| APM promedio | 49.0 |
| APM pico | 85 |
| eAPM promedio | 15.0 |
| Aldeanos / militares | 90 / 63 |
Foco
⚔️ 34.9% · 🌾 65.1%
Ghulam ×24 · Cavalry Archer ×22 · Archer ×8 · Skirmisher ×7 · Mangonel ×2
Mapa de la partida
Recursos iniciales + cada clic de construcción. Líneas = muros · curvas = relieve. ◆ oro · ⬟ piedra · ● bayas · ✦ reliquia · ◌ hueco del cierre
Tu base· ✓ Cerrada en 20:40 · 50t muro · sin puerta
Base de TabA_Falcostrix· ✓ Cerrada en 20:49 · 45t muro · 1 puerta(s)
Terreno inicial suavizado · ◌ = hueco del cierre detectado · pasá el cursor para detalles
Inputs por minuto
— Istoleyourratings - - TabA_Falcostrix
Build order — Istoleyourratings
Primeras 150 de 314 acciones detectadas
| 0:00 | Encolar | Villager (Male) |
| 0:00 | Encolar | Villager (Male) |
| 0:01 | Encolar | Villager (Male) |
| 0:01 | Encolar | Villager (Male) |
| 0:02 | Construir | House |
| 0:05 | Construir | House |
| 1:24 | Encolar | Villager (Male) |
| 1:24 | Encolar | Villager (Male) |
| 1:33 | Investigar | Loom |
| 1:33 | Encolar | Villager (Male) |
| 1:34 | Encolar | Villager (Male) |
| 2:01 | Encolar | Villager (Male) |
| 2:27 | Encolar | Villager (Male) |
| 2:27 | Encolar | Villager (Male) |
| 2:56 | Encolar | Villager (Male) |
| 2:56 | Encolar | Villager (Male) |
| 2:56 | Encolar | Villager (Male) |
| 3:25 | Construir | House |
| 3:52 | Encolar | Villager (Male) |
| 4:15 | Construir | Barracks |
| 4:25 | Encolar | Villager (Male) |
| 4:25 | Encolar | Villager (Male) |
| 4:25 | Encolar | Villager (Male) |
| 4:42 | Encolar | Villager (Male) |
| 5:10 | Encolar | Villager (Male) |
| 5:22 | Encolar | Militia |
| 5:27 | Construir | House |
| 5:33 | Encolar | Militia |
| 5:34 | Encolar | Militia |
| 5:45 | Encolar | Villager (Male) |
| 5:56 | Encolar | Militia |
| 6:07 | Construir | Lumber Camp |
| 6:16 | Encolar | Villager (Male) |
| 6:51 | Encolar | Villager (Male) |
| 7:32 | Encolar | Villager (Male) |
| 7:40 | Construir | Mill |
| 7:51 | Construir | House |
| 7:53 | Construir | Palisade Wall |
| 7:58 | Encolar | Villager (Male) |
| 8:22 | Encolar | Villager (Male) |
| 8:48 | Encolar | Villager (Male) |
| 8:59 | Construir | House |
| 9:01 | Construir | Palisade Wall |
| 9:15 | Investigar | Feudal Age |
| 9:15 | Investigar | Feudal Age |
| 9:18 | Construir | House |
| 9:21 | Construir | Palisade Wall |
| 9:42 | Construir | House |
| 9:44 | Construir | Palisade Wall |
| 9:46 | Construir | Palisade Wall |
| 9:49 | Construir | Palisade Wall |
| 9:58 | Encolar | Villager (Male) |
| 10:19 | Construir | House |
| 10:20 | Construir | Palisade Wall |
| 10:28 | Construir | House |
| 10:29 | Construir | Palisade Wall |
| 10:32 | Construir | Palisade Wall |
| 10:51 | Construir | Farm |
| 10:53 | Construir | Farm |
| 11:02 | Construir | Palisade Wall |
| 11:25 | Edad | Edad Feudal |
| 11:35 | Construir | Archery Range |
| 11:46 | Investigar | Double-Bit Axe |
| 11:59 | Encolar | Villager (Male) |
| 12:07 | Construir | House |
| 12:08 | Construir | Palisade Wall |
| 12:20 | Encolar | Villager (Male) |
| 12:26 | Encolar | Skirmisher |
| 12:50 | Encolar | Villager (Male) |
| 12:53 | Construir | House |
| 12:56 | Construir | House |
| 13:08 | Encolar | Skirmisher |
| 13:14 | Construir | Palisade Wall |
| 13:19 | Encolar | Villager (Male) |
| 13:22 | Construir | Farm |
| 13:24 | Construir | Farm |
| 13:36 | Encolar | Villager (Male) |
| 13:39 | Construir | Farm |
| 13:41 | Investigar | Horse Collar |
| 13:41 | Investigar | Horse Collar |
| 13:47 | Construir | Farm |
| 13:49 | Construir | Farm |
| 13:50 | Encolar | Villager (Male) |
| 14:02 | Construir | Mill |
| 14:24 | Construir | Farm |
| 14:33 | Construir | Farm |
| 14:39 | Encolar | Villager (Male) |
| 14:54 | Encolar | Skirmisher |
| 14:55 | Encolar | Villager (Male) |
| 14:59 | Construir | Mining Camp |
| 15:15 | Encolar | Skirmisher |
| 15:22 | Construir | Farm |
| 15:26 | Encolar | Villager (Male) |
| 15:32 | Construir | Farm |
| 15:36 | Encolar | Villager (Male) |
| 15:48 | Encolar | Villager (Male) |
| 16:22 | Construir | Farm |
| 16:26 | Encolar | Skirmisher |
| 16:27 | Encolar | Skirmisher |
| 16:37 | Construir | Blacksmith |
| 16:47 | Encolar | Villager (Male) |
| 17:02 | Encolar | Villager (Male) |
| 17:16 | Construir | Lumber Camp |
| 17:25 | Construir | Farm |
| 17:51 | Construir | Farm |
| 17:54 | Construir | Farm |
| 18:00 | Investigar | Castle Age |
| 18:00 | Investigar | Castle Age |
| 18:01 | Investigar | Castle Age |
| 18:23 | Investigar | Fletching |
| 18:26 | Encolar | Skirmisher |
| 18:32 | Construir | House |
| 18:37 | Construir | Farm |
| 18:40 | Construir | Farm |
| 18:42 | Construir | Farm |
| 19:00 | Construir | Farm |
| 19:05 | Construir | House |
| 19:07 | Construir | House |
| 19:08 | Construir | House |
| 19:12 | Construir | Farm |
| 19:17 | Encolar | Skirmisher |
| 19:28 | Investigar | Man-at-Arms (upgrade) |
| 19:28 | Encolar | Militia |
| 19:28 | Encolar | Militia |
| 19:31 | Construir | Barracks |
| 19:37 | Encolar | Villager (Male) |
| 19:53 | Construir | Farm |
| 20:02 | Investigar | Scale Mail Armor |
| 20:02 | Investigar | Scale Mail Armor |
| 20:12 | Encolar | Skirmisher |
| 20:27 | Encolar | Militia |
| 20:30 | Construir | House |
| 20:40 | Edad | Edad de los Castillos |
| 20:53 | Investigar | Crossbowman (upgrade) |
| 20:53 | Investigar | Crossbowman (upgrade) |
| 20:57 | Investigar | Elite Skirmisher (upgrade) |
| 20:57 | Investigar | Elite Skirmisher (upgrade) |
| 20:58 | Investigar | Bodkin Arrow |
| 21:04 | Encolar | Villager (Male) |
| 21:04 | Encolar | Villager (Male) |
| 21:16 | Investigar | Squires |
| 21:17 | Encolar | Militia |
| 21:17 | Encolar | Militia |
| 21:22 | Construir | Farm |
| 21:22 | Construir | Farm |
| 21:28 | Construir | Farm |
| 21:29 | Encolar | Villager (Male) |
| 21:54 | Construir | Palisade Gate |
| 22:00 | Encolar | Militia |
| 22:01 | Encolar | Militia |
Build order — TabA_Falcostrix
Primeras 150 de 251 acciones detectadas
| 0:00 | Encolar | Villager (Male) |
| 0:01 | Encolar | Villager (Male) |
| 0:01 | Encolar | Villager (Male) |
| 0:02 | Construir | House |
| 0:04 | Construir | House |
| 0:08 | Encolar | Villager (Male) |
| 1:16 | Encolar | Villager (Male) |
| 1:33 | Encolar | Villager (Male) |
| 2:11 | Encolar | Villager (Male) |
| 2:18 | Construir | Lumber Camp |
| 2:45 | Encolar | Villager (Male) |
| 2:45 | Encolar | Villager (Male) |
| 3:31 | Encolar | Villager (Male) |
| 3:45 | Encolar | Villager (Male) |
| 3:48 | Construir | House |
| 3:50 | Construir | House |
| 4:07 | Encolar | Villager (Male) |
| 4:39 | Construir | Mill |
| 4:41 | Encolar | Villager (Male) |
| 5:18 | Encolar | Villager (Male) |
| 5:18 | Encolar | Villager (Male) |
| 5:50 | Encolar | Villager (Male) |
| 5:50 | Investigar | Loom |
| 6:55 | Construir | Barracks |
| 7:18 | Construir | Barracks |
| 7:23 | Construir | House |
| 7:25 | Construir | Palisade Wall |
| 7:27 | Construir | House |
| 7:31 | Construir | House |
| 7:34 | Investigar | Feudal Age |
| 7:50 | Construir | Palisade Wall |
| 8:06 | Construir | Palisade Wall |
| 8:07 | Construir | Palisade Wall |
| 9:35 | Encolar | Villager (Male) |
| 9:43 | Edad | Edad Feudal |
| 9:46 | Construir | Archery Range |
| 10:05 | Encolar | Villager (Male) |
| 10:12 | Encolar | Villager (Male) |
| 10:17 | Construir | Mining Camp |
| 10:32 | Encolar | Archer |
| 10:42 | Encolar | Villager (Male) |
| 10:59 | Encolar | Villager (Male) |
| 11:25 | Encolar | Skirmisher |
| 11:25 | Encolar | Skirmisher |
| 11:41 | Encolar | Villager (Male) |
| 11:49 | Construir | Palisade Wall |
| 11:56 | Encolar | Archer |
| 12:17 | Encolar | Villager (Male) |
| 12:24 | Construir | Farm |
| 12:25 | Construir | Farm |
| 12:27 | Construir | Farm |
| 12:27 | Encolar | Villager (Male) |
| 12:44 | Construir | Farm |
| 12:47 | Construir | Farm |
| 12:53 | Encolar | Archer |
| 13:04 | Encolar | Villager (Male) |
| 13:17 | Construir | Palisade Wall |
| 13:19 | Encolar | Villager (Male) |
| 13:29 | Construir | Palisade Wall |
| 13:33 | Construir | Palisade Wall |
| 13:34 | Encolar | Villager (Male) |
| 13:39 | Construir | Palisade Wall |
| 13:45 | Construir | Blacksmith |
| 13:49 | Encolar | Archer |
| 13:59 | Construir | Palisade Wall |
| 14:03 | Construir | Palisade Wall |
| 14:12 | Encolar | Villager (Male) |
| 14:20 | Construir | Palisade Wall |
| 14:24 | Investigar | Fletching |
| 14:25 | Encolar | Villager (Male) |
| 14:38 | Encolar | Archer |
| 14:46 | Construir | Palisade Wall |
| 14:51 | Construir | House |
| 14:58 | Construir | Farm |
| 15:00 | Construir | Farm |
| 15:04 | Construir | Farm |
| 15:10 | Encolar | Villager (Male) |
| 15:11 | Encolar | Archer |
| 15:22 | Encolar | Villager (Male) |
| 15:25 | Construir | Farm |
| 15:37 | Construir | Palisade Gate |
| 15:40 | Encolar | Villager (Male) |
| 15:43 | Construir | House |
| 15:48 | Construir | House |
| 15:58 | Construir | Farm |
| 16:03 | Construir | Farm |
| 16:06 | Encolar | Villager (Male) |
| 16:25 | Encolar | Archer |
| 16:30 | Construir | Palisade Wall |
| 16:32 | Construir | House |
| 16:46 | Encolar | Villager (Male) |
| 16:55 | Construir | House |
| 17:19 | Encolar | Villager (Male) |
| 17:24 | Construir | Farm |
| 17:27 | Construir | Farm |
| 17:39 | Encolar | Villager (Male) |
| 17:42 | Construir | House |
| 17:59 | Construir | Lumber Camp |
| 18:05 | Investigar | Castle Age |
| 18:41 | Construir | Mining Camp |
| 18:49 | Construir | House |
| 18:54 | Encolar | Archer |
| 19:15 | Investigar | Padded Archer Armor |
| 19:39 | Construir | Archery Range |
| 19:52 | Encolar | Villager (Male) |
| 20:00 | Investigar | Horse Collar |
| 20:49 | Edad | Edad de los Castillos |
| 20:51 | Investigar | Bodkin Arrow |
| 20:53 | Investigar | Crossbowman (upgrade) |
| 20:55 | Encolar | Villager (Male) |
| 20:58 | Encolar | Cavalry Archer |
| 20:58 | Encolar | Cavalry Archer |
| 21:09 | Investigar | Double-Bit Axe |
| 21:18 | Encolar | Villager (Male) |
| 21:21 | Encolar | Cavalry Archer |
| 21:21 | Encolar | Cavalry Archer |
| 21:44 | Construir | Castle |
| 21:48 | Encolar | Villager (Male) |
| 22:00 | Construir | Farm |
| 22:02 | Encolar | Villager (Male) |
| 22:13 | Encolar | Villager (Male) |
| 22:20 | Encolar | Cavalry Archer |
| 22:20 | Encolar | Cavalry Archer |
| 22:32 | Encolar | Villager (Male) |
| 22:40 | Encolar | Cavalry Archer |
| 22:47 | Encolar | Villager (Male) |
| 22:49 | Encolar | Cavalry Archer |
| 23:04 | Encolar | Villager (Male) |
| 23:28 | Encolar | Villager (Male) |
| 23:41 | Encolar | Villager (Male) |
| 23:45 | Construir | Farm |
| 23:45 | Construir | Farm |
| 23:45 | Construir | Farm |
| 23:45 | Construir | Farm |
| 23:49 | Construir | Lumber Camp |
| 23:51 | Encolar | Ghulam |
| 23:52 | Encolar | Ghulam |
| 24:01 | Encolar | Villager (Male) |
| 24:02 | Encolar | Cavalry Archer |
| 24:02 | Encolar | Cavalry Archer |
| 24:09 | Encolar | Ghulam |
| 24:26 | Encolar | Villager (Male) |
| 24:28 | Encolar | Cavalry Archer |
| 24:28 | Encolar | Cavalry Archer |
| 24:41 | Encolar | Ghulam |
| 24:48 | Construir | Farm |
| 24:48 | Construir | Farm |
| 24:49 | Construir | Farm |
| 24:49 | Construir | Farm |
| 25:02 | Encolar | Villager (Male) |
Cronología de la partida
| 4:15 | Istoleyourratings · first_building Barracks |
| 6:55 | TabA_Falcostrix · first_building Barracks |
| 7:25 | TabA_Falcostrix · wall_segment Palisade Wall x1 |
| 7:50 | TabA_Falcostrix · wall_segment Palisade Wall x7 |
| 7:53 | Istoleyourratings · wall_segment Palisade Wall x5 |
| 8:06 | TabA_Falcostrix · wall_segment Palisade Wall x1 |
| 8:07 | TabA_Falcostrix · wall_segment Palisade Wall x1 |
| 9:01 | Istoleyourratings · wall_segment Palisade Wall x8 |
| 9:21 | Istoleyourratings · wall_segment Palisade Wall x16 |
| 9:43 | TabA_Falcostrix · age_up feudal |
| 9:44 | Istoleyourratings · wall_segment Palisade Wall x2 |
| 9:46 | Istoleyourratings · wall_segment Palisade Wall x1 |
| 9:46 | TabA_Falcostrix · first_building Archery Range |
| 9:49 | Istoleyourratings · wall_segment Palisade Wall x12 |
| 10:20 | Istoleyourratings · wall_segment Palisade Wall x2 |
| 10:29 | Istoleyourratings · wall_segment Palisade Wall x1 |
| 10:32 | Istoleyourratings · wall_segment Palisade Wall x1 |
| 11:02 | Istoleyourratings · wall_segment Palisade Wall x1 |
| 11:25 | Istoleyourratings · age_up feudal |
| 11:35 | Istoleyourratings · first_building Archery Range |
| 11:49 | TabA_Falcostrix · wall_segment Palisade Wall x8 |
| 12:08 | Istoleyourratings · wall_segment Palisade Wall x2 |
| 13:14 | Istoleyourratings · wall_segment Palisade Wall x1 |
| 13:17 | TabA_Falcostrix · wall_segment Palisade Wall x6 |
| 13:29 | TabA_Falcostrix · wall_segment Palisade Wall x1 |
| 13:33 | TabA_Falcostrix · wall_segment Palisade Wall x3 |
| 13:39 | TabA_Falcostrix · wall_segment Palisade Wall x2 |
| 13:59 | TabA_Falcostrix · wall_segment Palisade Wall x7 |
| 14:03 | TabA_Falcostrix · wall_segment Palisade Wall x1 |
| 14:20 | TabA_Falcostrix · wall_segment Palisade Wall x6 |
| 14:46 | TabA_Falcostrix · wall_segment Palisade Wall x1 |
| 16:30 | TabA_Falcostrix · wall_segment Palisade Wall x1 |
| 20:40 | Istoleyourratings · age_up castle |
| 20:49 | TabA_Falcostrix · age_up castle |
| 21:44 | TabA_Falcostrix · first_building Castle |
| 25:53 | Istoleyourratings · first_building Monastery |
| 28:35 | TabA_Falcostrix · first_market_sell 100 wood |
| 28:37 | TabA_Falcostrix · first_market_buy 100 stone |
| 28:59 | Istoleyourratings · first_building Siege Workshop |
| 29:45 | TabA_Falcostrix · first_building Siege Workshop |
| 31:55 | TabA_Falcostrix · wall_segment Stone Wall x6 |
| 32:04 | TabA_Falcostrix · first_building Stable |
| 32:13 | Istoleyourratings · first_market_buy 100 food |
| 34:33 | TabA_Falcostrix · resign |
[ ANÁLISIS IA · 1 CRÉDITO ]
¿Qué pasó realmente en esta partida?
Wolo.gg analiza cada decisión: build order, eco, micro, errores típicos por bracket. Análisis personalizado por WhatsApp o Discord en 30 segundos.
Guía civ
Godos
Perfil
Jugador #18203263